 Dungeon Crawl Stone Soup version 0.31-b1-12-gca42e3d1b8 (webtiles) character file.

Game seed: 16812446275248396403

3416 cowcol the Cleaver (level 9, -6/81 HPs)
             Began as a Minotaur Fighter on Jan 14, 2024.
             Was a Believer of Okawaru.
             Mangled by an orc knight
             ... wielding a +0 glaive
              (8 damage)
             ... in a bailey.
             The game lasted 00:18:04 (9013 turns).

cowcol the Cleaver (Minotaur Fighter)               Turns: 9013, Time: 00:18:05

Health: -6/81      AC: 14    Str: 26    XL:     9   Next: 76%
Magic:  0/2        EV: 12    Int:  7    God:    Okawaru [**....]
Gold:   946        SH:  7    Dex: 17    Spells: 8/8 levels left

rFire   . . .        d - +2 war axe (antimagic)
rCold   . . .        c - +0 buckler
rNeg    . . .        u - +0 chain mail
rPois   .            (helmet restricted)
rElec   .            (no cloak)
rCorr   +            h - +0 pair of gloves
SInv    .            (no boots)
Will    +....        G - amulet of regeneration Stlth
                     v - ring "Amockoh" {rCorr Str+4 Dex+6}
HPRegen 1.13/turn    x - ring of willpower
MPRegen 0.08/turn

%: no passive effects
@: heroic
A: horns 2, retaliatory headbutt
a: Renounce Religion, Heroism


You were in a bailey.
You worshipped Okawaru.
Okawaru was pleased with you.
You visited 2 branches of the dungeon, and saw 9 of its levels.
You also visited: Bailey.

You collected 1018 gold pieces.
You spent 72 gold pieces at shops.

Inventory:

Hand Weapons
 a - a +0 war axe
 d - a +2 antimagic war axe (weapon)
 s - the +4 mace of Yxeon {antimagic, Dex+2}
   (You took it off a goblin on level 4 of the Dungeon)

   Dex+2:     It affects your dexterity (+2).
Missiles
 e - 4 boomerangs (quivered)
 B - a throwing net
 D - 10 poisoned darts
Armour
 b - a +0 scale mail
 c - a +0 buckler (worn)
 h - a +0 pair of gloves (worn)
 u - a +0 chain mail (worn)
Jewellery
 p - a +6 ring of strength
 v - the ring "Amockoh" (left hand) {rCorr Str+4 Dex+6}
   (You acquired it on level 7 of the Dungeon)

   [ring of dexterity]

   Str+4:     It affects your strength (+4).
   Dex+6:     It affects your dexterity (+6).
   rCorr:     It protects you from acid and corrosion.
 x - a ring of willpower (right hand)
 G - an amulet of regeneration (around neck)
Wands
 o - a wand of flame (6)
 E - a wand of quicksilver (12)
 H - a wand of iceblast (4)
Scrolls
 j - a scroll of brand weapon
 k - a scroll of silence
 l - 2 scrolls of vulnerability
 r - a scroll of enchant weapon
 t - 3 scrolls of teleportation
 w - a scroll of enchant armour {unknown}
 y - 2 scrolls of poison
 A - a scroll of amnesia {unknown}
 I - a scroll of torment {unknown}
 J - a scroll of immolation {unknown}
Potions
 f - 6 potions of curing
 i - 3 potions of heal wounds {unknown}
 m - a potion of enlightenment {unknown}
 n - a potion of haste {unknown}
 q - a potion of attraction {unknown}
 z - a potion of cancellation {unknown}
 C - a potion of ambrosia {unknown}
 F - a potion of degeneration {unknown}


   Skills:
 + Level 7.9(12.9) Fighting
 + Level 12.3(17.3) Axes
 + Level 0.1(5.1) Throwing
 + Level 9.4(14.4) Armour
 - Level 1.0(6.0) Dodging
 - Level 4.0(9.0) Shields
 * Level 0.7 Invocations


You had 8 spell levels left.
You didn't know any spells.
Your spell library contained the following spells:

 Spells                   Type           Power      Damage    Failure   Level
 Scorch                   Fire           0%         2d5       95%         2
 Hailstorm                Conj/Ice       0%         3d5       99%         3
 Flame Wave               Conj/Fire      0%         2d4       100%        4
 Iskenderun's Battlesphe  Conj           0%         2d6       100%        5
 Bombard                  Conj/Erth      0%         9d1       100%        6
 Summon Ice Beast         Ice/Summ       Unusable   N/A       N/A         3
 Sculpt Simulacrum        Ice/Alch       Unusable   N/A       N/A         6
 Summon Cactus Giant      Summ           Unusable   N/A       N/A         6
 Spellforged Servitor     Conj/Summ      Unusable   N/A       N/A         7

Dungeon Overview and Level Annotations

Branches:
Dungeon (8/15)             Temple (1/1) D:4          Bailey (1/1)
   Lair: D:8-11

Altars:
Ashenzari
Cheibriados
Dithmenos
Gozag
Hepliaklqana
Kikubaaqudgha
Makhleb
Nemelex Xobeh
Okawaru
Qazlal
Ru
Sif Muna
Trog
Uskayaw
Wu Jian
Xom
Yredelemnul
Zin
The Shining One

Shops:
D:1 ?

Annotations:
Bailey 2 runed translucent doors


Innate Abilities, Weirdness & Mutations

You have a pair of horns on your head.
You reflexively headbutt those who attack you in melee.


Message History

Things that are here:
a +0 halberd; a +0 chain mail; an orc corpse You open the large door.
There is a large open door here.
Found 32 gold pieces.
An orc and an orc warrior come into view.
The orc shouts!
The orc warrior shouts!
An orc knight comes into view. It is wielding a +0 glaive.
The orc knight shouts!
The orc hits you but does no damage.
The orc warrior hits you with a +0 halberd!
You slash the orc warrior!
The orc warrior is heavily wounded.
The orc hits you but does no damage.
An orc warrior comes into view. It is wielding a +0 halberd.
The orc warrior shouts!
You hear a shout!
The orc barely misses you.
The orc warrior hits you with a +0 halberd!
The orc knight roars a battlecry!
The orcs go into a battle-frenzy!
The orc warrior moves out of view.
You gain the combat prowess of a mighty hero.
The orc warrior closely misses you.
The deep elf pyromancer shouts!
The orc barely misses you. You furiously retaliate!
You headbutt the orc!
You kill the orc!
Okawaru accepts your kill.
The orc warrior hits you from afar with a +0 halberd!!
The orc knight hits you with a +0 glaive.
Unknown command.
You closely miss the orc knight.
An orc warrior comes into view. It is wielding a +0 bardiche.
The orc warrior hits you from afar with a +0 halberd!
The orc knight hits you with a +0 glaive.
You slash the orc knight! You headbutt the orc knight.
The orc knight is moderately wounded.
The orc warrior hits you from afar with a +0 halberd!!
* * * LOW HITPOINT WARNING * * *
The orc knight hits you with a +0 glaive!
You die...

.o.. .... 8...
...# ##++# #..#
#....##..#
....#..# #..#..#
#.e#o.# # #@.#
#. #.)#
#..########.o#
##...8....8...##
#..............#
$.####''####.$#
####........####
................
≈............♣..


You could see an orc knight, a deep elf pyromancer and 2 orc warriors.

Vanquished Creatures
  A troll (D:7)
  Grinder (D:5)
  Sigmund (D:4)
  A wyvern (D:7)
  3 steam dragons (D:7)
  Menkaure (D:5)
  A water moccasin (D:6)
  2 ice beasts
  3 orc warriors
  2 black bears
  An ogre (D:7)
  A centaur (D:7)
  Blork the orc (D:4)
  3 scorpions
  6 killer bees
  4 hounds
  2 bombardier beetles
  A gnoll bouda (D:8)
  3 orc priests
  A jelly (D:6)
  2 iguanas (D:5)
  3 orc wizards
  Robin (D:4)
  8 gnolls
  5 adders
  2 white imps (D:7)
  2 ufetubi (D:5)
  2 dart slugs
  3 ribbon worms
  20 orcs
  10 ball pythons
  10 bats
  11 endoplasms
  5 giant cockroaches
  18 goblins
  12 hobgoblins
  3 jackals (D:4)
  6 quokkas
  4 frilled lizards
  5 kobolds
  6 rats
177 creatures vanquished.

Notes
Turn   | Place    | Note
-------+----------+-------------------------------------------
     0 | D:1      | cowcol the Minotaur Fighter began the quest for the Orb.
     0 | D:1      | Reached XP level 1. HP: 19/19 MP: 0/0
   107 | D:1      | Reached XP level 2. HP: 26/27 MP: 1/1
   283 | D:1      | Found Sorof's Magic Scroll Shoppe.
   422 | D:1      | Bought a scroll of identify for 24 gold pieces
   632 | D:1      | Reached XP level 3. HP: 33/33 MP: 2/2
  1043 | D:2      | Reached skill level 3 in Axes
  1055 | D:2      | Reached XP level 4. HP: 22/41 MP: 3/3
  1551 | D:2      | Found a sparkling altar of Nemelex Xobeh.
  1820 | D:3      | Found a snail-covered altar of Cheibriados.
  2297 | D:3      | Reached skill level 1 in Dodging
  2340 | D:3      | Reached skill level 4 in Axes
  2344 | D:3      | Reached XP level 5. HP: 45/47 MP: 4/4
  2651 | D:1      | Bought 2 scrolls of identify for 48 gold pieces
  2852 | D:4      | Found an ornate altar of the Wu Jian Council.
  2852 | D:4      | Noticed Sigmund
  2860 | D:4      | Killed Sigmund
  2861 | D:4      | Reached skill level 5 in Fighting
  2861 | D:4      | Reached skill level 5 in Axes
  2861 | D:4      | Reached skill level 5 in Armour
  2861 | D:4      | Reached XP level 6. HP: 30/56 MP: 1/5
  3258 | D:4      | Found a staircase to the Ecumenical Temple.
  3301 | Temple   | Entered the Ecumenical Temple
  3315 | Temple   | Became a worshipper of Warmaster Okawaru
  3395 | D:4      | Reached skill level 6 in Axes
  3399 | D:4      | Noticed Robin
  3402 | D:4      | Identified the +4 mace of Yxeon {antimagic, Dex+2}
  3414 | D:4      | Killed Robin
  3689 | D:4      | Noticed Blork the orc
  3700 | D:4      | Killed Blork the orc
  3701 | D:4      | Reached XP level 7. HP: 55/61 MP: 2/6
  3809 | D:4      | Found a sparkling altar of Nemelex Xobeh.
  3914 | D:4      | Found a hazy altar of Hepliaklqana.
  3943 | D:4      | Found a stormy altar of Qazlal.
  3943 | D:4      | Found a basalt altar of Yredelemnul.
  4418 | D:5      | Entered Level 5 of the Dungeon
  4422 | D:5      | Noticed Grinder
  4428 | D:5      | Paralysed by Grinder for 5 turns
  4436 | D:5      | Paralysed by Grinder for 5 turns
  4449 | D:5      | Killed Grinder
  4450 | D:5      | Reached skill level 7 in Axes
  4692 | D:5      | Reached * piety under Okawaru
  4693 | D:5      | Reached skill level 8 in Axes
  4906 | D:5      | Noticed Menkaure
  4910 | D:5      | Killed Menkaure
  4911 | D:5      | Reached XP level 8. HP: 56/70 MP: 0/7
  5413 | D:5      | Reached skill level 9 in Axes
  5729 | D:6      | Reached skill level 10 in Axes
  5902 | D:6      | Reached ** piety under Okawaru
  7305 | D:7      | Reached XP level 9. HP: 78/78 MP: 2/8
  7462 | D:7      | Reached skill level 11 in Axes
  7528 | D:7      | Noticed a troll
  7534 | D:7      | Killed a troll
  8386 | D:7      | Reached *** piety under Okawaru
  8387 | D:7      | Reached skill level 12 in Axes
  8758 | D:7      | Identified 2 scrolls of acquirement
  8759 | D:7      | Acquired 512 gold pieces
  8763 | D:7      | Acquired the ring "Amockoh" {rCorr Str+4 Dex+6}
  8852 | D:8      | Found a flagged portal.
  8867 | Bailey   | Entered a bailey
  9006 | Bailey   | Noticed an orc knight
  9009 | Bailey   | Found a large runed translucent door.
  9009 | Bailey   | Found a large runed translucent door.
  9011 | Bailey   | Noticed a deep elf pyromancer
  9013 | Bailey   | HP: 2/81 [orc warrior/+0 halberd (24)]
  9013 | Bailey   | Mangled by an orc knight

Illustrated notes

Levels and vault maps discovered:
D:1:      minmay_arrival_jagged, layout_basic, serial_shops,
          nicolae_shop_window_shopping
D:2:      layout_loops_ring, basic_altar, minmay_ruptured
D:3:      corexii_shack_village, layout_rooms, amcnicky_altar_gilded
D:4:      layout_basic, nicolae_wu_jian_glorious_leap,
          nemelex_dance_club_becter, worldfamousw_hep_ancestral_shrine,
          gammafunk_temple_overflow_elements, chequers_serial_rivers_small_3,
          nicolae_figureground_sparkle, uniq_blork_the_orc, uniq_sigmund,
          uniq_robin
D:5:      layout_loops_ring, uniq_grinder, uniq_menkaure
D:6:      layout_basic
D:7:      layout_basic
D:8:      layout_basic, lightli_bailey_entry_fortress, uniq_pikel,
          uniq_gastronok, uniq_erica
Temple:   cyrus_circular_temple
Bailey:   bailey_polearm_elven_captive_hellmonk, bailey

Skill      XL: |  1  2  3  4  5  6  7  8  9 |
---------------+----------------------------+-----
Fighting       | 4 5 6 7 |  7.9
Armour         | 4 5 6 7 9 |  9.4
Shields        | 4 |  4.0
Axes           | 3 4 5 6 8 10 12 | 12.3
Dodging        | 1 |  1.0
Throwing       | |  0.1
Invocations    | |  0.7

Action                     |  1- 3 |  4- 6 |  7- 9 || total
---------------------------+-------+-------+-------++-------
  Melee: War axe           |    88 |   131 |   189 ||   408
         Headbutt          |     8 |     9 |    37 ||    54
  Throw: Boomerang         |       |       |     7 ||     7
 Invoke: Heroism           |       |       |     6 ||     6
    Use: Scroll            |     1 |     6 |     7 ||    14
         Potion            |       |     2 |       ||     2
 Armour: Scale mail        |    54 |    91 |    29 ||   174
         Chain mail        |       |       |   141 ||   141
  Dodge: Dodged            |    37 |    52 |    90 ||   179
  Block: Buckler           |    26 |    29 |    44 ||    99
